[Event "Titled Tuesday Blitz January 25 2022"]
[White "Bethke, Richard"]
[Black "Hjartarson, Johann"]
[WhiteFideId "12959243"]
[BlackFideId "2300044"]
[WhiteElo "2451"]
[BlackElo "2484"]
[Result "1/2-1/2"]
[Round "09"]
[TimeControl "180+1"]
[Date "2022.01.26"]
[WhiteClock "0:00:16"]
[BlackClock "0:00:07"]

1. e4 g6 2. d4 Bg7 3. Nc3 d6 4. f4 a6 5. Nf3 b5 6. e5 Bb7 7. Bd3 Nh6 8. O-O c5 9. dxc5 dxc5 10. Be4 Qxd1 11. Rxd1 Bxe4 12. Nxe4 Nd7 13. Nfg5 Rc8 14. e6 Nf6 15. exf7+ Nxf7 16. Ne6 Nxe4 17. Nxg7+ Kf8 18. Ne6+ Ke8 19. Re1 Nfd6 20. Be3 Kf7 21. Ng5+ Nxg5 22. fxg5 Nf5 23. Rad1 Nxe3 24. Rxe3 Rhd8 25. Rf1+ Ke8 26. Rfe1 Rc7 27. R1e2 Rd5 28. h4 Rd4 29. g3 Rcd7 30. c3 Rd1+ 31. Kf2 c4 32. Re6 R1d6 33. Ke1 Kf7 34. R6e5 Rd3 35. Kf2 Ke8 36. Kg2 Kd8 37. g4 Rd2 38. h5 Rxe2+ 39. Rxe2 Rd5 40. hxg6 hxg6 41. Re6 Rxg5 42. Kf3 a5 43. Kf4 Rd5 44. Rxg6 Rd2 45. b3 cxb3 46. axb3 Rc2 47. Rc6 b4 48. c4 Rc3 49. Ra6 Rxb3 50. Rxa5 Rc3 51. c5 Ke8 52. Rb5 Rc4+ 53. Kf5 Kf7 54. g5 b3 55. g6+ Kg7 56. Rxb3 Rxc5+ 57. Ke6 Kxg6 1/2-1/2


[Site "https://www.chess.com"]

[Event "Titled Tuesday Blitz January 25 2022"]
[White "Bodnar, Nikolay"]
[Black "Visakh N R"]
[WhiteFideId "14106469"]
[BlackFideId "25012223"]
[WhiteElo "2296"]
[BlackElo "2454"]
[Result "0-1"]
[Round "09"]
[TimeControl "180+1"]
[Date "2022.01.26"]
[WhiteClock "0:01:31"]
[BlackClock "0:01:10"]

1. e4 e5 2. Nf3 Nc6 3. Bc4 Nf6 4. d3 Be7 5. c3 O-O 6. O-O d6 7. a4 Be6 8. Bxe6 fxe6 9. b4 Qd7 10. Nbd2 a5 11. b5 Nd8 12. Nc4 b6 13. Re1 Qe8 14. Ba3 Nh5 15. Nfxe5 Nf4 16. Nf3 e5 17. g3 Nde6 18. gxf4 Nxf4 19. Kh1 Nh3 20. Qe2 Qh5 21. Ncd2 Bg5 22. Nxg5 Nxf2+ 23. Kg2 Qxg5+ 24. Kf1 Nh3+ 25. Nf3 Qg1# 0-1


[Site "https://www.chess.com"]

[Event "Titled Tuesday Blitz January 25 2022"]
[White "Bodnaruk, Anastasia"]
[Black "Berezin, Viktor"]
[WhiteFideId "4181751"]
[BlackFideId "14107872"]
[WhiteElo "2393"]
[BlackElo "2310"]
[Result "1-0"]
[Round "09"]
[TimeControl "180+1"]
[Date "2022.01.26"]
[WhiteClock "0:02:13"]
[BlackClock "0:01:39"]

1. e4 d5 2. exd5 Nf6 3. d4 Bg4 4. Be2 Bxe2 5. Nxe2 Qxd5 6. O-O e6 7. Nf4 Qd8 8. c4 c6 9. Nc3 Nbd7 10. Re1 Be7 11. d5 cxd5 12. cxd5 exd5 13. Nfxd5 O-O 14. Nxe7+ Kh8 15. Bg5 Re8 16. Ned5 1-0


[Site "https://www.chess.com"]

[Event "Titled Tuesday Blitz January 25 2022"]
[White "Bortnyk, Olexandr"]
[Black "Deac, Bogdan-Daniel"]
[WhiteFideId "14120828"]
[BlackFideId "1226380"]
[WhiteElo "2723"]
[BlackElo "2646"]
[Result "0-1"]
[Round "09"]
[TimeControl "180+1"]
[Date "2022.01.26"]
[WhiteClock "0:00:02"]
[BlackClock "0:00:06"]

1. e4 e5 2. Bc4 Nf6 3. d3 Nc6 4. Nc3 Bb4 5. Ne2 d5 6. exd5 Nxd5 7. Bd2 Be6 8. Bxd5 Bxd5 9. O-O O-O 10. Nxd5 Qxd5 11. Bxb4 Nxb4 12. Nc3 Qd7 13. Re1 Rae8 14. Re4 Nc6 15. Qh5 f5 16. Rh4 g6 17. Qh6 Nd4 18. Rc1 c6 19. Rh3 f4 20. f3 Rf5 21. Kf1 Re7 22. Ne4 Qd5 23. Qh4 Qe6 24. c3 Nb5 25. Re1 h5 26. g4 fxg3 27. Rxg3 Nd6 28. Ke2 Nxe4 29. fxe4 Rf4 30. Qxh5 Rg7 31. Qg5 Qxa2 32. Qd8+ Rf8 33. Qg5 Qxb2+ 34. Kd1 Qxc3 35. Qd2 Qa1+ 36. Ke2 Qd4 37. Rg2 Rf4 38. Reg1 Kh7 39. Ke1 Rgf7 40. Rxg6 Qa1+ 41. Qd1 Rf1+ 42. Rxf1 Rxf1+ 43. Kxf1 Qxd1+ 0-1


[Site "https://www.chess.com"]

[Event "Titled Tuesday Blitz January 25 2022"]
[White "Brodowski, Piotr"]
[Black "Dauner, Benedikt"]
[WhiteFideId "1124480"]
[BlackFideId "16225899"]
[WhiteElo "2422"]
[BlackElo "2230"]
[Result "1-0"]
[Round "09"]
[TimeControl "180+1"]
[Date "2022.01.26"]
[WhiteClock "0:00:22"]
[BlackClock "0:00:03"]

1. c4 Nf6 2. Nc3 e6 3. Nf3 d5 4. e3 c5 5. cxd5 exd5 6. d4 Nc6 7. Be2 Bd6 8. dxc5 Bxc5 9. O-O a6 10. Nd4 O-O 11. Nxc6 bxc6 12. Bf3 Bf5 13. b3 Bd6 14. Bb2 Qe7 15. Rc1 Rac8 16. Na4 Rfd8 17. Qd2 Ne4 18. Qa5 Ng5 19. Be2 Bd3 20. Qc3 Bxh2+ 21. Kxh2 Qd6+ 22. Kg1 Nh3+ 23. gxh3 Qg6+ 24. Kh2 Be4 25. Rg1 Qd6+ 26. Qe5 1-0


[Site "https://www.chess.com"]

[Event "Titled Tuesday Blitz January 25 2022"]
[White "Bryakin, Mikhail"]
[Black "Aldokhin, Ivan"]
[WhiteFideId "4165314"]
[BlackFideId "24115720"]
[WhiteElo "2421"]
[BlackElo "2231"]
[Result "1-0"]
[Round "09"]
[TimeControl "180+1"]
[Date "2022.01.26"]
[WhiteClock "0:01:31"]
[BlackClock "0:00:01"]

1. e4 c5 2. Nf3 e6 3. c3 Nf6 4. e5 Nd5 5. c4 Nb6 6. Nc3 Nc6 7. d3 d6 8. exd6 Bxd6 9. d4 O-O 10. Be2 cxd4 11. Nxd4 Bd7 12. Be3 Ne5 13. b3 Bb4 14. Bd2 Be8 15. Nc2 Bd6 16. O-O Qh4 17. g3 Qh3 18. f3 Rd8 19. Qe1 Nc6 20. Be3 Be5 21. Rd1 Rxd1 22. Nxd1 f5 23. Nf2 Qh5 24. f4 Qf7 25. fxe5 Nxe5 26. Nd3 Nxd3 27. Bxd3 Bc6 28. Bxb6 axb6 29. Nd4 Bd7 30. Nf3 Qe7 31. Ne5 Qc5+ 32. Kg2 Bc6+ 33. Nxc6 Qxc6+ 34. Kf2 Rd8 35. Qe3 Qc5 36. Qxc5 bxc5 37. Ke3 Kf7 38. Rd1 Kf6 39. Be2 Ra8 40. Rd2 g5 41. Bf3 Ke5 42. Bxb7 Rg8 43. Bf3 g4 44. Bg2 h5 45. a3 h4 46. b4 cxb4 47. axb4 h3 48. Bc6 Rf8 49. b5 f4+ 50. gxf4+ Rxf4 51. Rc2 Rf1 52. b6 Rb1 53. Bb5 Kf5 54. b7 g3 55. hxg3 1-0


[Site "https://www.chess.com"]

[Event "Titled Tuesday Blitz January 25 2022"]
[White "Costachi, Mihnea"]
[Black "Mitusov, Semen"]
[WhiteFideId "1217518"]
[BlackFideId "14151049"]
[WhiteElo "2464"]
[BlackElo "2246"]
[Result "1-0"]
[Round "09"]
[TimeControl "180+1"]
[Date "2022.01.26"]
[WhiteClock "0:01:39"]
[BlackClock "0:01:24"]

1. e4 e5 2. Nf3 Nc6 3. Bc4 Bc5 4. Nc3 Nf6 5. d3 h6 6. a3 d6 7. h3 a6 8. Be3 Ba7 9. d4 exd4 10. Nxd4 Nxd4 11. Bxd4 Bxd4 12. Qxd4 O-O 13. O-O-O Be6 14. e5 Ne8 15. Rhe1 Bxc4 16. Qxc4 Qg5+ 17. f4 Qxg2 18. Nd5 dxe5 19. fxe5 Qxh3 20. e6 fxe6 21. Ne7+ Kh7 22. Qe4+ Rf5 23. Nxf5 exf5 24. Qxb7 Nd6 25. Qxa8 f4 26. Rxd6 cxd6 27. Qe4+ Kg8 28. Qg6 1-0


[Site "https://www.chess.com"]

[Event "Titled Tuesday Blitz January 25 2022"]
[White "Coto Mederos, Michel"]
[Black "Weetik, Vjacheslav"]
[WhiteFideId "3508528"]
[BlackFideId "4153472"]
[WhiteElo "2427"]
[BlackElo "2469"]
[Result "0-1"]
[Round "09"]
[TimeControl "180+1"]
[Date "2022.01.26"]
[WhiteClock "0:00:05"]
[BlackClock "0:00:03"]

1. c4 f5 2. Nc3 Nf6 3. g3 e5 4. Bg2 Nc6 5. e3 Bb4 6. Nd5 e4 7. a3 Be7 8. f4 b5 9. Nxf6+ Bxf6 10. cxb5 Ne7 11. d3 d5 12. dxe4 fxe4 13. Qb3 a6 14. Ne2 axb5 15. Qxb5+ c6 16. Qb3 Ba6 17. Kf2 O-O 18. Nc3 Kh8 19. Bf1 Bc8 20. Be2 Bh3 21. Rd1 Qe8 22. Bf1 Bg4 23. Be2 Qh5 24. Bxg4 Qxg4 25. Ne2 Qf3+ 26. Ke1 Nf5 27. Qc2 Qh1+ 28. Kd2 Qxh2 29. Re1 d4 30. exd4 Nxd4 31. Qc4 Nf3+ 32. Ke3 Nxe1 33. Bd2 Nf3 34. Kxe4 Nxd2+ 0-1


[Site "https://www.chess.com"]

[Event "Titled Tuesday Blitz January 25 2022"]
[White "De Silva, L M S T"]
[Black "Atakhan, Abtin"]
[WhiteFideId "9953698"]
[BlackFideId "22502203"]
[WhiteElo "1631"]
[BlackElo "2119"]
[Result "1-0"]
[Round "09"]
[TimeControl "180+1"]
[Date "2022.01.26"]
[WhiteClock "0:02:18"]
[BlackClock "0:01:33"]

1. e4 c6 2. d4 d5 3. Nc3 dxe4 4. Nxe4 Bf5 5. Ng3 Bg6 6. h4 h6 7. Nf3 Nd7 8. h5 Bh7 9. Bd3 Bxd3 10. Qxd3 Ngf6 11. Bd2 e6 12. O-O-O Be7 13. Kb1 O-O 14. Ne4 c5 15. g4 Nxg4 16. Qe2 Qb6 17. Ne5 Ndxe5 18. dxe5 f5 19. exf6 Nxf6 20. Rhg1 Nxe4 21. Qxe4 Bf6 22. c3 Rad8 23. Bxh6 Rxd1+ 24. Rxd1 gxh6 25. Qg6+ Kh8 26. Rd7 1-0


[Site "https://www.chess.com"]

[Event "Titled Tuesday Blitz January 25 2022"]
[White "Debray, Christopher"]
[Black "Yuan, Qingyu"]
[WhiteFideId "630810"]
[BlackFideId "8609772"]
[WhiteElo "2369"]
[BlackElo "2359"]
[Result "0-1"]
[Round "09"]
[TimeControl "180+1"]
[Date "2022.01.26"]
[WhiteClock "0:00:01"]
[BlackClock "0:00:18"]

1. d4 d5 2. c4 e6 3. Nf3 Nf6 4. g3 dxc4 5. Bg2 c5 6. O-O Nc6 7. dxc5 Qxd1 8. Rxd1 Bxc5 9. Nbd2 c3 10. bxc3 O-O 11. Nb3 Be7 12. Nfd4 Nxd4 13. cxd4 Nd5 14. Bb2 f5 15. Rac1 b6 16. Nd2 Ba6 17. e4 fxe4 18. Nxe4 Rac8 19. Nc3 Bc4 20. Nxd5 exd5 21. Re1 Bb4 22. Re5 Rcd8 23. a3 Bd2 24. Rd1 Ba5 25. Rc1 b5 26. Bc3 Bc7 27. Re7 Rf7 28. Rxf7 Kxf7 29. Bb4 a5 30. Bc5 Re8 31. Bf3 Bd8 32. Kg2 Bg5 33. Rb1 g6 34. h4 Bd2 35. Rb2 Bc3 36. Rc2 b4 37. axb4 axb4 38. Rc1 Rb8 39. Rb1 b3 40. Bg4 Bd3 0-1


[Site "https://www.chess.com"]

[Event "Titled Tuesday Blitz January 25 2022"]
[White "Demchenko, Anton"]
[Black "Szpar, Milosz"]
[WhiteFideId "4160258"]
[BlackFideId "1184989"]
[WhiteElo "2539"]
[BlackElo "2447"]
[Result "0-1"]
[Round "09"]
[TimeControl "180+1"]
[Date "2022.01.26"]
[WhiteClock "0:00:02"]
[BlackClock "0:00:04"]

1. e4 c5 2. Nf3 d6 3. d4 cxd4 4. Qxd4 Nf6 5. Nc3 Bd7 6. h3 Nc6 7. Qe3 e6 8. Be2 Be7 9. O-O O-O 10. Rd1 a6 11. b3 b5 12. Bb2 Qc7 13. a3 Rfd8 14. Rac1 Rac8 15. Bf1 Qb7 16. Ne2 b4 17. Ng3 a5 18. axb4 Nxb4 19. Rd2 a4 20. e5 Nfd5 21. Qe4 Bc6 22. Qg4 dxe5 23. Nxe5 Nf6 24. Qd1 Rxd2 25. Qxd2 Be8 26. Bc4 Rd8 27. Qe2 Ra8 28. Ra1 axb3 29. cxb3 Rxa1+ 30. Bxa1 Nbd5 31. Qf3 Qa7 32. Qd1 Bc5 33. Nd3 Bb6 34. Bb2 Bd4 35. Qe2 Bc6 36. Ne5 Nf4 37. Qd2 Bxb2 38. Nxc6 Qc7 39. Qxb2 Qxc6 40. f3 h5 41. Qd4 Ng6 42. Ne2 h4 43. Qe3 Qd6 44. Kf2 Qh2 45. Qd4 Nh5 46. Qd8+ Kh7 47. Qg5 Ng3 48. Nxg3 hxg3+ 49. Ke3 Qxg2 50. Bxe6 Qf2+ 51. Ke4 Qe2+ 52. Kd5 Qxe6+ 53. Kd4 Qe5+ 0-1


[Site "https://www.chess.com"]

[Event "Titled Tuesday Blitz January 25 2022"]
[White "Djordjevic, Vuk"]
[Black "Potapova, Margarita"]
[WhiteFideId "902098"]
[BlackFideId "14126869"]
[WhiteElo "2463"]
[BlackElo "2209"]
[Result "0-1"]
[Round "09"]
[TimeControl "180+1"]
[Date "2022.01.26"]
[WhiteClock "0:00:02"]
[BlackClock "0:00:04"]

1. d4 Nf6 2. Bg5 e6 3. e4 h6 4. Bxf6 Qxf6 5. c3 g6 6. Bd3 Bg7 7. Ne2 O-O 8. O-O d6 9. f4 Qe7 10. f5 e5 11. Na3 exd4 12. Nxd4 Nc6 13. Nac2 Bd7 14. Qd2 Ne5 15. Rae1 Qg5 16. Qxg5 hxg5 17. Bb5 c6 18. Be2 Bf6 19. Ne3 Rae8 20. Rd1 Bc8 21. Nb3 Nd7 22. Bd3 d5 23. fxg6 fxg6 24. Na5 Nc5 25. Bc2 Nxe4 26. Rfe1 Kg7 27. Nb3 g4 28. g3 Bg5 29. Ng2 Bf5 30. Nd4 Rf7 31. Re2 Rfe7 32. Rf1 Re5 33. Ree1 a6 34. Nf4 c5 35. Nb3 b6 36. Nd3 R5e7 37. Nf4 Rd7 38. Ne2 Be3+ 39. Kg2 Nd6 40. Bxf5 Nxf5 41. Nf4 Rdd8 42. Rd1 Bxf4 43. gxf4 Ne3+ 44. Kg3 Nxf1+ 45. Rxf1 Re2 46. Rf2 Rxf2 47. Kxf2 Kf6 48. Nd2 Kf5 49. Kg3 Re8 50. Kf2 Kxf4 51. Nb3 Rd8 52. Nc1 d4 53. cxd4 cxd4 54. Nd3+ Ke4 55. Ke2 Rc8 56. Nf2+ Kf4 57. Nd3+ Kf5 58. Ne1 Re8+ 59. Kd2 Rh8 60. Kd3 Rxh2 61. Kxd4 g3 62. Ke3 Rh1 63. Ng2 Rb1 64. Kf3 Rxb2 65. Ne3+ Kf6 66. Nd5+ Kg7 67. a4 Rb3+ 68. Kg2 b5 69. a5 Ra3 0-1


[Site "https://www.chess.com"]

[Event "Titled Tuesday Blitz January 25 2022"]
[White "Dmitrenko, Viktor"]
[Black "Sumaneev, Dmitry"]
[WhiteFideId "14110270"]
[BlackFideId "4125312"]
[WhiteElo "2262"]
[BlackElo "2544"]
[Result "0-1"]
[Round "09"]
[TimeControl "180+1"]
[Date "2022.01.26"]
[WhiteClock "0:00:12"]
[BlackClock "0:01:02"]

1. e4 e6 2. d4 d5 3. e5 c5 4. c3 Nc6 5. Nf3 Qb6 6. a3 c4 7. h4 Na5 8. Nbd2 Bd7 9. Rb1 Ne7 10. h5 h6 11. g4 Nec6 12. b4 cxb3 13. Nxb3 Nxb3 14. Rxb3 Qc7 15. Bd2 Na5 16. Rb1 b6 17. Bd3 Bxa3 18. g5 Be7 19. g6 f5 20. exf6 Bxf6 21. Qe2 O-O 22. Nh2 e5 23. Ng4 e4 24. Bb5 Bxg4 25. Qxg4 Qe7 26. Bd7 Rad8 27. Be6+ Kh8 28. Rb5 Rd6 29. Bxd5 a6 30. Rxa5 bxa5 31. Bxe4 a4 32. O-O a3 33. Ra1 Rb6 34. Bc1 Rb3 35. Bd5 Rxc3 36. Qe6 Qc7 37. Bxa3 Rxa3 38. Rxa3 Qc1+ 39. Kg2 Qxa3 0-1


[Site "https://www.chess.com"]

[Event "Titled Tuesday Blitz January 25 2022"]
[White "Efimenko, Zahar"]
[Black "Carlsson, Ludvig"]
[WhiteFideId "14107201"]
[BlackFideId "1727010"]
[WhiteElo "2528"]
[BlackElo "2178"]
[Result "0-1"]
[Round "09"]
[TimeControl "180+1"]
[Date "2022.01.26"]
[WhiteClock "0:00:03"]
[BlackClock "0:00:25"]

1. e4 e5 2. Nf3 Nc6 3. Bb5 Nf6 4. d3 Bc5 5. Nbd2 O-O 6. c3 d5 7. O-O dxe4 8. dxe4 Qe7 9. h3 a5 10. a4 Nb8 11. Bd3 Rd8 12. Qc2 Nh5 13. Nc4 Nc6 14. Ne3 Nf4 15. Nd5 Qd6 16. Bxf4 exf4 17. Rad1 Ne5 18. Be2 Nxf3+ 19. Bxf3 Qe5 20. b4 axb4 21. cxb4 Bd6 22. b5 b6 23. Nb4 Bb7 24. Nd3 Qg5 25. Rfe1 Re8 26. Kh1 Re7 27. Re2 Rae8 28. Rde1 h6 29. Qc4 Bc8 30. Nb4 Be6 31. Qc3 Qh4 32. Nc6 Rd7 33. Rd2 Bxh3 34. gxh3 Qxh3+ 35. Kg1 Bb4 36. Qxb4 Rxd2 37. Qxd2 Qxf3 38. Qe2 Qh3 39. f3 Re6 40. Qg2 Qh4 41. Rd1 Rg6 0-1


[Site "https://www.chess.com"]

[Event "Titled Tuesday Blitz January 25 2022"]
[White "Ezat, Mohamed"]
[Black "Chernomordik, Pavel"]
[WhiteFideId "10600906"]
[BlackFideId "2804530"]
[WhiteElo "2386"]
[BlackElo "2249"]
[Result "1-0"]
[Round "09"]
[TimeControl "180+1"]
[Date "2022.01.26"]
[WhiteClock "0:01:21"]
[BlackClock "0:01:24"]

1. d4 g6 2. h4 Nf6 3. Nc3 d6 4. e4 Bg7 5. h5 Nxh5 6. Rxh5 gxh5 7. Qxh5 Bxd4 8. Nf3 Bf6 9. Ng5 Bxg5 10. Bxg5 c6 11. Bc4 d5 12. exd5 b5 13. Bb3 b4 14. dxc6 Rf8 15. Nd5 Nxc6 16. O-O-O Qa5 17. Bxe7 Be6 18. Bxf8 Kxf8 19. Qh6+ Ke8 20. Nf6+ Ke7 21. Bxe6 Kxe6 22. Nd5+ Kd7 23. Nxb4+ 1-0


[Site "https://www.chess.com"]

[Event "Titled Tuesday Blitz January 25 2022"]
[White "Galyas, Miklos"]
[Black "Kamsky, Gata"]
[WhiteFideId "707244"]
[BlackFideId "2000024"]
[WhiteElo "2409"]
[BlackElo "2645"]
[Result "1/2-1/2"]
[Round "09"]
[TimeControl "180+1"]
[Date "2022.01.26"]
[WhiteClock "0:00:30"]
[BlackClock "0:00:17"]

1. c4 e5 2. Nc3 Nc6 3. g3 g6 4. Bg2 Bg7 5. e4 d6 6. Nge2 Nge7 7. O-O O-O 8. d3 Nd4 9. Nxd4 exd4 10. Ne2 a5 11. b3 c5 12. f4 f5 13. Kh1 Kh8 14. Ng1 a4 15. Rb1 axb3 16. axb3 Ra2 17. Rb2 Ra1 18. Qc2 fxe4 19. dxe4 d3 20. Qd2 Nc6 21. Ra2 Rxa2 22. Qxa2 Nb4 23. Qd2 b5 24. Bb2 bxc4 25. bxc4 Be6 26. Nf3 Qd7 27. e5 Bxc4 28. exd6 Bd5 29. Bxg7+ Qxg7 30. Ne5 Bxg2+ 31. Kxg2 Qb7+ 32. Kh3 Qd5 33. Qc3 Kg8 34. d7 Rd8 35. Rd1 Rxd7 36. Nxd7 Qxd7+ 37. Kg2 Qd5+ 38. Kg1 h5 39. Ra1 Nc2 40. Ra7 Qd4+ 41. Qxd4 Nxd4 42. Kf2 d2 43. Ra1 c4 44. Ke3 c3 45. Kd3 c2 46. Ra8+ Kg7 47. Kxd2 Nf3+ 48. Kxc2 Nxh2 49. Ra3 Kf6 50. Kd2 Ng4 51. Ke2 Nh6 52. Kf3 Nf5 53. Ra6+ Kg7 54. g4 hxg4+ 55. Kxg4 Nh6+ 56. Kg5 Nf7+ 57. Kg4 Nh6+ 58. Kf3 Nf7 59. Ke4 Nh6 60. Ra7+ Kf6 61. Ra6+ Kf7 62. Ke5 Ng4+ 63. Kd5 Nf6+ 64. Kd4 Ng4 65. Ra7+ Kf6 66. Ra6+ Kf5 67. Rxg6 Kxg6 68. f5+ Kxf5 1/2-1/2


[Site "https://www.chess.com"]

[Event "Titled Tuesday Blitz January 25 2022"]
[White "Garcia Martin, Marta"]
[Black "Shipov, Sergei"]
[WhiteFideId "32084030"]
[BlackFideId "4113624"]
[WhiteElo "2102"]
[BlackElo "2775"]
[Result "1-0"]
[Round "09"]
[TimeControl "180+1"]
[Date "2022.01.26"]
[WhiteClock "0:00:02"]
[BlackClock "0:00:06"]

1. Nf3 d5 2. e3 Nf6 3. c4 e6 4. Nc3 c5 5. cxd5 Nxd5 6. Be2 Be7 7. O-O O-O 8. a3 Nc6 9. Qc2 b6 10. Rd1 Bb7 11. b3 Rc8 12. Bb2 h6 13. Rac1 Bf6 14. Qb1 Nxc3 15. Bxc3 Bxc3 16. dxc3 Qe7 17. b4 Rfd8 18. Rxd8+ Rxd8 19. Rd1 Rxd1+ 20. Qxd1 cxb4 21. cxb4 a5 22. b5 Nb8 23. Qd4 Nd7 24. Ne5 Qg5 25. Nc6 Nc5 26. Qd6 Kh7 27. h3 Qg6 28. Qc7 Qb1+ 29. Kh2 Qb2 30. Qxb6 Qxe2 31. Qxc5 Qxf2 32. Qd4 f6 33. Qe4+ f5 34. Qxe6 a4 35. Qe7 Bc8 36. Nd4 f4 37. Qe4+ Kg8 38. Qxf4 Qxf4+ 39. exf4 Kf7 40. Kg3 Ke7 41. Kf2 Kd6 42. Ke3 Kc5 43. Kd3 Bb7 44. g4 Bg2 45. h4 Bh3 46. g5 hxg5 47. hxg5 g6 48. Kc3 Bd7 49. Kd3 Be8 50. Ke4 Bd7 51. Ke5 Bg4 52. f5 gxf5 53. g6 Bh5 54. g7 Bf7 55. Kf6 Bc4 56. Ne6+ 1-0


[Site "https://www.chess.com"]

[Event "Titled Tuesday Blitz January 25 2022"]
[White "Garriga Cazorla, Pere"]
[Black "Aaditya Dhingra"]
[WhiteFideId "32011601"]
[BlackFideId "25678191"]
[WhiteElo "2458"]
[BlackElo "1789"]
[Result "1-0"]
[Round "09"]
[TimeControl "180+1"]
[Date "2022.01.26"]
[WhiteClock "0:00:55"]
[BlackClock "0:00:02"]

1. Nf3 Nf6 2. c4 e6 3. Nc3 d5 4. d4 Be7 5. g3 O-O 6. Bg2 Nbd7 7. O-O c6 8. Qd3 b6 9. e4 Ba6 10. b3 dxc4 11. bxc4 b5 12. Rd1 bxc4 13. Qe2 Qa5 14. Bd2 Bb4 15. Qe1 Qh5 16. h3 h6 17. a3 Ba5 18. g4 Qg6 19. e5 Bxc3 20. Bxc3 Nd5 21. Rac1 Nf4 22. Nh4 Qg5 23. Bd2 Nxg2 24. Nxg2 Qe7 25. h4 c5 26. g5 h5 27. Nf4 g6 28. Bc3 cxd4 29. Rxd4 Rfd8 30. Bb4 Qe8 31. Qe4 Nb6 32. Rd6 Rxd6 33. exd6 e5 34. Re1 Nd7 35. Nd5 Rc8 36. Ne7+ Kh7 37. f4 Rb8 38. f5 Bb7 39. Qxc4 Nb6 40. fxg6+ fxg6 41. Qe6 Bc8 42. Qxe5 Bd7 43. Rf1 Qf8 44. Rxf8 Rxf8 45. Bc3 1-0


[Site "https://www.chess.com"]

[Event "Titled Tuesday Blitz January 25 2022"]
[White "Gnechko, Ruslan"]
[Black "Golubka, Petro"]
[WhiteFideId "14135868"]
[BlackFideId "14114224"]
[WhiteElo "2289"]
[BlackElo "2392"]
[Result "0-1"]
[Round "09"]
[TimeControl "180+1"]
[Date "2022.01.26"]
[WhiteClock "0:02:03"]
[BlackClock "0:02:13"]

1. e4 c5 2. Nf3 e6 3. d4 cxd4 4. Nxd4 a6 5. c4 b6 6. Nc3 Bb7 7. a3 Nc6 8. Nxc6 Bxc6 9. Bd3 Bc5 10. O-O h5 11. Qe2 Nf6 12. Be3 Qe7 13. b4 Bxe3 14. Qxe3 Ng4 15. Qxb6 Qd6 16. e5 Qxe5 0-1


[Site "https://www.chess.com"]

[Event "Titled Tuesday Blitz January 25 2022"]
[White "Golizadeh, Asghar"]
[Black "Seletsky, Grigory"]
[WhiteFideId "12505269"]
[BlackFideId "14112191"]
[WhiteElo "2403"]
[BlackElo "2492"]
[Result "1-0"]
[Round "09"]
[TimeControl "180+1"]
[Date "2022.01.26"]
[WhiteClock "0:01:08"]
[BlackClock "0:00:23"]

1. e4 e6 2. d4 d5 3. Nc3 Nc6 4. Nf3 Nf6 5. e5 Ne4 6. Bd3 Bb4 7. Bd2 Nxd2 8. Qxd2 b6 9. a3 Be7 10. O-O Bb7 11. b4 a5 12. b5 Nb8 13. Ne2 O-O 14. Ng3 c5 15. c3 Nd7 16. Nh5 f5 17. exf6 Nxf6 18. Nxf6+ Bxf6 19. Rfe1 Re8 20. Ne5 Rc8 21. Rad1 cxd4 22. cxd4 Qd6 23. Bb1 Qxa3 24. Nd7 Qd6 25. Nxf6+ gxf6 26. Qh6 Qd7 27. Rd3 Re7 28. Rg3+ Rg7 29. Qxh7+ Kf8 30. Qh8+ 1-0


[Site "https://www.chess.com"]

[Event "Titled Tuesday Blitz January 25 2022"]
[White "Guliev, Logman"]
[Black "Goryachkina, Aleksandra"]
[WhiteFideId "13400061"]
[BlackFideId "4147103"]
[WhiteElo "2128"]
[BlackElo "2426"]
[Result "0-1"]
[Round "09"]
[TimeControl "180+1"]
[Date "2022.01.26"]
[WhiteClock "0:00:02"]
[BlackClock "0:00:14"]

1. e4 e6 2. d4 d5 3. Nd2 c5 4. exd5 Qxd5 5. Ngf3 cxd4 6. Bc4 Qd7 7. O-O Nc6 8. Ne4 a6 9. Qe2 Be7 10. Rd1 Nf6 11. Bg5 b5 12. Bb3 Bb7 13. Bxf6 gxf6 14. c3 f5 15. Nxd4 Nxd4 16. Rxd4 Qc7 17. Ng3 Rg8 18. Rad1 Qc6 19. Bd5 exd5 20. Nxf5 Qe6 21. Qf3 O-O-O 22. Kf1 Rde8 23. Re1 Qd7 24. Qh3 Bc5 25. Rdd1 Kb8 26. b4 Bb6 27. Qxh7 d4 28. Ng3 Rxe1+ 29. Rxe1 Rd8 30. Rd1 d3 31. Qf5 Qc6 32. f3 Qxc3 33. Qf4+ Ka7 34. Ne4 Qc2 0-1


[Site "https://www.chess.com"]

[Event "Titled Tuesday Blitz January 25 2022"]
[White "Gunina, Valentina"]
[Black "Przybylski, Wojciech"]
[WhiteFideId "4167570"]
[BlackFideId "1117599"]
[WhiteElo "2465"]
[BlackElo "2133"]
[Result "1-0"]
[Round "09"]
[TimeControl "180+1"]
[Date "2022.01.26"]
[WhiteClock "0:02:10"]
[BlackClock "0:00:01"]

1. d4 Nf6 2. c4 e6 3. Nf3 d5 4. Nc3 c6 5. e3 Nbd7 6. Qc2 Bd6 7. b3 O-O 8. Bb2 Re8 9. Be2 b6 10. O-O Bb7 11. e4 e5 12. cxd5 cxd5 13. dxe5 Nxe5 14. exd5 Nxd5 15. Nxd5 Bxd5 16. Bxe5 Bxe5 17. Rad1 Bf6 18. Bc4 Be4 19. Bxf7+ Kxf7 20. Qc4+ Kf8 21. Rxd8 Raxd8 22. h3 Bxf3 23. gxf3 Rd7 24. Kg2 h6 25. Qc2 Kg8 26. Rd1 1-0


[Site "https://www.chess.com"]

[Event "Titled Tuesday Blitz January 25 2022"]
[White "Hakemi, Arman"]
[Black "Jones, Gawain C B"]
[WhiteFideId "22520805"]
[BlackFideId "409561"]
[WhiteElo "2208"]
[BlackElo "2657"]
[Result "0-1"]
[Round "09"]
[TimeControl "180+1"]
[Date "2022.01.26"]
[WhiteClock "0:01:05"]
[BlackClock "0:02:08"]

1. e4 d5 2. exd5 Qxd5 3. Nc3 Qd6 4. d4 Nf6 5. Nf3 a6 6. Bc4 b5 7. Bb3 Bb7 8. Qe2 e6 9. Bg5 Nbd7 10. O-O-O b4 11. d5 e5 12. Ne4 Nxe4 13. Qxe4 Nc5 14. Qxe5+ Qxe5 15. Nxe5 f6 16. Rhe1 Nxb3+ 17. axb3 fxe5 18. Rxe5+ Kf7 19. h4 Bd6 20. Rf5+ Kg6 21. g4 h6 22. h5+ Kh7 23. Bf4 Bc8 24. Rf7 Kg8 0-1


[Site "https://www.chess.com"]

[Event "Titled Tuesday Blitz January 25 2022"]
[White "Dronavalli, Harika"]
[Black "Dastan, Muhammed Batuhan"]
[WhiteFideId "5015197"]
[BlackFideId "6300014"]
[WhiteElo "2382"]
[BlackElo "2410"]
[Result "0-1"]
[Round "09"]
[TimeControl "180+1"]
[Date "2022.01.26"]
[WhiteClock "0:00:17"]
[BlackClock "0:00:19"]

1. d4 d5 2. c4 c6 3. Nf3 Nf6 4. g3 dxc4 5. Bg2 g6 6. O-O Bg7 7. Ne5 Ng4 8. Nxc4 Qxd4 9. Qc2 Bf5 10. Qb3 b5 11. Na5 Qb6 12. Bd2 O-O 13. a4 bxa4 14. Qxa4 Qxb2 15. Ra2 Qd4 16. Qa3 Bxb1 17. e3 Qd3 18. Qxd3 Bxd3 19. Rc1 Bb5 20. Bb4 Re8 21. Rd2 Ne5 22. Bc3 Nd3 23. Rcc2 Bxc3 24. Rxc3 Nb4 25. Rb2 N8a6 26. Nxc6 Bxc6 27. Bxc6 Rac8 28. Bxe8 Rxc3 29. Bb5 e6 30. Kg2 Kg7 31. Rb1 Rc5 32. Bf1 f5 33. Ra1 Rc6 34. Ra4 Rb6 35. h4 Kf6 36. Be2 e5 37. Ra5 e4 38. g4 fxg4 39. Bxg4 Nd3 40. Bc8 Ndc5 41. Kg3 Rc6 42. Bg4 Ke7 43. Be2 Kd6 44. Kf4 Kc7 45. h5 gxh5 46. Bxa6 Kb6 47. Bb5 Rf6+ 48. Kg5 Rg6+ 49. Kxh5 Kxa5 0-1


[Site "https://www.chess.com"]

[Event "Titled Tuesday Blitz January 25 2022"]
[White "Harshavardhan G B"]
[Black "Dilmukhametov, Artur"]
[WhiteFideId "25059009"]
[BlackFideId "24179922"]
[WhiteElo "1831"]
[BlackElo "2266"]
[Result "1-0"]
[Round "09"]
[TimeControl "180+1"]
[Date "2022.01.26"]
[WhiteClock "0:01:39"]
[BlackClock "0:00:52"]

1. e4 c5 2. Nf3 Nc6 3. d4 cxd4 4. Nxd4 g6 5. c4 Bg7 6. Be3 Nf6 7. Nc3 O-O 8. Be2 d6 9. O-O Bd7 10. Kh1 Nxd4 11. Bxd4 Bc6 12. f3 a5 13. Qd2 Nd7 14. Bf2 Nc5 15. Rad1 Qb6 16. b3 Qb4 17. Nd5 Bxd5 18. Qxd5 a4 19. Be1 Bc3 20. Bh4 Rfe8 21. f4 axb3 22. axb3 Ra5 23. f5 Nxb3 24. fxg6 Rxd5 25. gxf7+ Kf8 26. Rxd5 Ra8 27. Rh5 Ra1 28. Bxe7+ Kxe7 29. f8=Q+ Kd7 30. Rxh7+ Kc6 31. Qc8+ 1-0


[Site "https://www.chess.com"]